 Dungeon Crawl Stone Soup version 0.26.0-41-g79a4fc7684 (webtiles) character file.

Game seed: 14560165081463271024

172664 kaeus the Tortoise (level 17, -14/154 HPs)
             Began as a Minotaur Berserker on Jan 26, 2021.
             Was an Elder of Trog.
             Demolished by a tentacled starspawn (16 damage)
             ... on level 3 of the Abyss on Jan 27, 2021.
             The game lasted 01:25:23 (28705 turns).

kaeus the Tortoise (Minotaur Berserker)            Turns: 28705, Time: 01:25:24

Health: -14/154    AC: 31    Str: 35    XL:     17   Next: 41%
Magic:  16/16      EV: 17    Int: 18    God:    Trog [****..]
Gold:   1213       SH:  0    Dex: 14    Spells: 16/16 levels left

rFire    + + +     SeeInvis .   t - +11 shortbow "Xyocuuss" {flame, rF+ rN+ Stlth+}
rCold    + + .     Faith    .   (shield currently unavailable)
rNeg     + . .     Spirit   .   q - +3 plate armour
rPois    +         Reflect  .   (helmet restricted)
rElec    +         Harm     .   F - +2 cloak of Conscience {rF+ Int+4}
rCorr    +         Rampage  .   B - +1 pair of gloves "Tepuurgh" {-Tele rF+ rCorr Int+7}
Will     ++...     Clarity  +   H - +2 pair of boots Stlth ++........NoTele +
                                N - amulet "Nitaam" {Acrobat *Contam rElec rPois Dex+4}
HPRegen  0.35/turn              j - ring of the Raven {rC+ Str+6 Int+3}
MPRegen  0.15/turn              V - +4 ring of slaying

@: hasted, very quick
A: retaliatory headbutt, horns 2, clarity, cold resistance 1, strong-willed 1
a: Renounce Religion, Berserk, Trog's Hand, Brothers in Arms


You were on level 3 of the Abyss.
You worshipped Trog.
Trog was greatly pleased with you.
You visited 5 branches of the dungeon, and saw 25 of its levels.
You visited the Abyss 1 time.
You also visited: Sewer, Gauntlet and Volcano.

You collected 2307 gold pieces.
You spent 1094 gold pieces at shops.

Inventory:

Hand Weapons
 t - the +11 shortbow "Xyocuuss" (weapon) {flame, rF+ rN+ Stlth+}
   (You found it on level 6 of the Dungeon)

   It causes projectiles fired from it to burn those they strike, causing extra
   injury to most foes and up to half again as much damage against particularly
   susceptible opponents.
   It protects you from fire.
   It protects you from negative energy.
   It makes you more stealthy.
 G - the +10 triple sword of the Crawling Thing {vorpal, rF- Str+3 Int+3}
   (Trog gifted it to you on level 10 of the Dungeon)

   It inflicts extra damage upon your enemies.
   It affects your strength (+3).
   It affects your intelligence (+3).
   It makes you vulnerable to fire.
Missiles
 w - 362 arrows (quivered ammo)
Armour
 q - a +3 plate armour (worn)
 B - the +1 pair of gloves "Tepuurgh" (worn) {-Tele rF+ rCorr Int+7}
   (You found it on level 2 of the Elven Halls)

   It affects your intelligence (+7).
   It protects you from fire.
   It prevents most forms of teleportation.
   It provides partial protection from all sources of acid and corrosion.
 F - the +2 cloak of Conscience (worn) {rF+ Int+4}
   (You bought it in a shop on level 10 of the Dungeon)

   It affects your intelligence (+4).
   It protects you from fire.
 H - a +2 pair of boots (worn)
 R - a +2 ring mail of fire resistance
Jewellery
 j - the ring of the Raven (left hand) {rC+ Str+6 Int+3}
   (You found it on level 1 of the Elven Halls)

   [ring of strength]

   It affects your strength (+6).
   It affects your intelligence (+3).
   It protects you from cold.
 l - the amulet of Mixeom {Will+ Regen+ Dex+3}
   (You acquired it on level 6 of the Lair of Beasts)

   [amulet of regeneration]

   It affects your dexterity (+3).
   It affects your willpower, your defense against some magical effects.
   It increases your rate of regeneration.
 s - a +4 ring of evasion
 u - an uncursed ring of flight
 A - a +4 ring of protection
 N - the amulet "Nitaam" (around neck) {Acrobat *Contam rElec rPois Dex+4}
   (You bought it in a shop on level 2 of the Elven Halls)

   [amulet of the acrobat]

   It helps you evade while moving and waiting.
   It affects your dexterity (+4).
   It insulates you from electricity.
   It protects you from poison.
   It causes magical contamination when unequipped.
 P - an uncursed ring of willpower
 Q - an uncursed ring of willpower
 U - the ring of Akawo {Ice rPois}
   (You found it in a Gauntlet)

   [ring of ice]

   It enhances your ice magic.
   It makes you vulnerable to fire.
   It protects you from cold.
   It protects you from poison.
 V - a +4 ring of slaying (right hand)
Wands
 x - a wand of enslavement (21)
 y - a wand of iceblast (48)
 z - a wand of disintegration (10)
 E - a wand of polymorph (14)
 I - a wand of acid (8)
 J - a wand of random effects (17)
 O - a wand of paralysis (8)
 X - a wand of digging (7)
Scrolls
 b - 6 scrolls of fog
 e - 5 scrolls of magic mapping
 f - 10 scrolls of teleportation
 h - 7 scrolls of blinking
 m - 2 scrolls of summoning {unknown}
 r - 2 scrolls of enchant weapon
 v - 8 scrolls of remove curse
 C - a scroll of silence
 D - 4 scrolls of identify
 Y - 3 scrolls of fear
Potions
 a - a potion of resistance
 c - a potion of haste
 d - 9 potions of curing
 g - a potion of invisibility
 i - 4 potions of magic
 k - 5 potions of might
 n - 7 potions of ambrosia
 p - 6 potions of flight
 K - a potion of attraction
 L - 2 potions of mutation
 M - a potion of berserk rage
 T - 4 potions of cancellation


   Skills:
 + Level 14.7 Fighting
 - Level 8.7 Axes
 - Level 14.0 Bows
 * Level 17.2 Armour
 + Level 13.6 Dodging
 * Level 14.6 Stealth
 - Level 2.2 Shields
 - Level 5.0 Evocations


You had 16 spell levels left.
You didn't know any spells.
Your spell library contained the following spells:

 Spells                   Type           Power        Failure   Level
 Shock                    Conj/Air       0%           63%         1
 Confusing Touch          Hex            0%           94%         3
 Gell's Gravitas          Tloc           0%           94%         3
 Mephitic Cloud           Conj/Pois/Air  0%           94%         3
 Petrify                  Tmut/Erth      0%           100%        4
 Bolt of Magma            Conj/Fire/Erth 0%           100%        5
 Metabolic Englaciation   Hex/Ice        0%           100%        5
 Yara's Violent Unravell  Hex/Tmut       0%           100%        5
 Freezing Cloud           Conj/Ice/Air   0%           100%        6


Dungeon Overview and Level Annotations

Branches:
Dungeon (13/15)            Temple (1/1) D:5            Lair (6/6) D:8
 Shoals (0/4) Lair:4       Spider (0/4) Lair:4        Slime (0/5) Lair:5
    Orc (2/2) D:9             Elf (3/3) Orc:2        Vaults (0/5) D:13
  Sewer (visited)         Volcano (visited)         Gauntlet (visited)

Altars:
Ashenzari
Cheibriados
Dithmenos
Elyvilon
Fedhas
Gozag
Hepliaklqana
Kikubaaqudgha
Makhleb
Nemelex Xobeh
Okawaru
Qazlal
Ru
Sif Muna
Trog
Uskayaw
Vehumet
Wu Jian
Xom
Yredelemnul
Zin
The Shining One

Shops:
D:5 :*   D:6 ?   D:10 (=[[   Orc:2 [*[}   Elf:1 =}=   Elf:2 =   Elf:3 ?

Annotations:
D:8 1 runed translucent door, hawla's ghost, novice DrCj


Innate Abilities, Weirdness & Mutations

You reflexively headbutt those who attack you in melee.
You have a pair of horns on your head.
You possess an exceptional clarity of mind.
Your flesh is cold resistant. (rC+)
You are strong-willed. (Will+)


Message History

The sphere of damnation explodes!
The damnation engulfs you!
* * * LOW HITPOINT WARNING * * *
You take 8 damage, and have 32/154 hp.
The glowing orange brain pulsates.
You feel momentarily confused.
An efreet comes into view.
It is wielding a +1 scimitar of flaming.
The hellion gestures at you.
The sphere of damnation explodes!
The damnation engulfs you!!
* * * LOW HITPOINT WARNING * * *
You take 31 damage, and have 1/154 hp.
MASSIVE DAMAGE!!
You start removing your armour.
You continue taking off the +1 pair of gloves "Tepuurgh" {-Tele rF+ rCorr Int+7}. x3
Tentacles burst from the starspawn's body!
The glowing orange brain pulsates.
The glowing orange brain radiates an aura of fear!
You are unaffected.
You continue taking off the +1 pair of gloves "Tepuurgh" {-Tele rF+ rCorr Int+7}.
The chaos spawn closely misses you. You furiously retaliate!
You headbutt the chaos spawn! The tentacled starspawn bites you!
You die...

.#. ..#.##.. ##
..#... . ##
###.##.#.. .#
...#.....#..#..#
....#..#.○○#.
#.#..#.x☼.#○.
#..@4wR..#.
......##X....#x#
#...# ..w.x#.#.#
##.
#.##.#G2..######
# ...#..#..#...#
. #.#.#..#..#..#
## # ## .#....#
#.##.# ....###.
.. . .... #...
..##


You could see a tentacled starspawn, a glowing orange brain, a hellion
(summoned), an efreet, a chaos spawn (summoned), 2 small abominations and 2
starspawn tentacles.

Vanquished Creatures
  Rupert (Lair:4)
  3 deep elf master archers (Elf:3)
  2 deep elf blademasters
  Frances (D:12)
  Donald (Orc:2)
  2 deep elf sorcerers (Elf:1)
  A deep elf elementalist (Abyss:3)
  2 very ugly things (Abyss:3)
  A stone giant (Orc:2)
  A deep elf annihilator (Elf:3)
  2 deep elf demonologists (Elf:3)
  A minotaur (Gauntlet)
  2 deep elf death magi (Elf:3)
  2 deep elf high priests (Elf:3)
  Fannar (D:10)
  Harold (D:9)
  11 hydras
  4 catoblepae
  A centaur warrior (D:13)
  19 dancing weapons
  2 ogre magi
  8 two-headed ogres
  8 death yaks
  Urug (Lair:1)
  13 deep elf knights
  Nergalle (D:10)
  3 skeletal warriors
  2 unseen horrors
  11 deep elf archers
  6 lindwurms
  An anaconda skeleton (Volcano)
  48 deep elf magi
  An ugly thing (D:12)
  3 manticores
  An oklob plant (Lair:5)
  23 elephants
  6 black mambas
  Joseph (D:10)
  12 cane toads
  2 large abominations (Gauntlet)
  A merfolk siren (Lair:4)
  A torpor snail (Lair:6)
  4 gargoyles
  Psyche (D:12)
  A rime drake (Lair:6)
  Maggie (Lair:1)
  3 kobold demonologists (D:11)
  10 komodo dragons
  4 red devils (Elf:1)
  A queen bee (D:13)
  3 meliai (D:13)
  2 polar bears
  4 trolls
  2 raiju (Gauntlet)
  Grinder (D:6)
  15 blink frogs
  5 slime creatures (D:12)
  12 dream sheep
  3 water elementals (Elf:2)
  2 redbacks (Lair:4)
  A meliai zombie (D:12)
  3 flying skulls (Volcano)
  4 air elementals (Elf:2)
  An alligator skeleton (Volcano)
  9 wyverns
  A fire elemental (D:12)
  29 yaks
  4 basilisks
  A neqoxec (Abyss:3)
  Grum (D:10)
  3 steam dragons (Gauntlet)
  2 wargs (D:9)
  3 acid dragons
  6 water moccasins
  3 hell hounds
  Purgy (D:3)
  9 orc warriors
  2 black bears
  2 sky beasts
  An eye of draining (D:13)
  5 ice beasts
  21 wolves
  25 ogres
  20 centaurs
  4 small abominations (Gauntlet)
  2 big kobolds
  3 earth elementals
  Blork the orc (D:4)
  17 bullfrogs
  A water moccasin zombie (D:9)
  A wyvern skeleton (D:12)
  12 scorpions
  12 killer bees (D:13)
  A spriggan skeleton (Volcano)
  7 wights
  2 electric eels (Lair:4)
  6 howler monkeys
  3 bullfrog zombies
  3 centaur zombies
  17 jellies
  3 quasits
  A bullfrog skeleton (D:7)
  6 hounds
  7 orc priests
  3 centaur skeletons
  5 iguanas
  14 orc wizards
  8 worker ants
  7 hell rats (Lair:4)
  A killer bee zombie (D:6)
  2 naga skeletons (Volcano)
  2 hound zombies
  3 hound skeletons
  3 howler monkey zombies
  13 adders
  3 shadow imps
  4 white imps
  3 oozes
  An ufetubus (D:9)
  An adder zombie (D:5)
  5 worms
  7 leopard geckos
  60 orcs
  10 bats
  11 giant cockroaches
  12 goblins
  10 hobgoblins
  8 jackals
  16 kobolds
  4 quokkas
  2 ball pythons (Sewer)
  13 frilled lizards
  A leopard gecko zombie (D:6)
  A quokka skeleton (D:6)
  A quokka zombie (D:9)
  12 rats
800 creatures vanquished.

Vanquished Creatures (collateral kills)
  A deep elf blademaster (Elf:3)
  2 deep elf sorcerers (Elf:3)
  A very ugly thing (Abyss:3)
  Azrael (D:12)
  2 deep elf annihilators (Elf:3)
  A boulder beetle (D:8)
  8 two-headed ogres (Orc:2)
  3 ogre magi (Orc:2)
  6 dancing weapons
  5 death yaks (Lair:2)
  2 deep elf knights
  2 deep elf archers
  7 deep elf magi
  An ugly thing (D:12)
  An orc sorcerer (Elf:1)
  A cane toad (Lair:2)
  A centaur skeleton (D:13)
  A rime drake (Lair:6)
  3 fire elementals (D:12)
  4 ogres (Orc:2)
  A bullfrog skeleton (D:13)
  A kobold (D:12)
55 creatures vanquished.

Vanquished Creatures (others)
  A deep elf demonologist (Elf:3)
  A kobold (D:12)
  21 fungi
  30 plants
  2 starspawn tentacles (Abyss:3)
55 creatures vanquished.

Grand Total: 910 creatures vanquished

Notes
Turn   | Place    | Note
-------+----------+-------------------------------------------
     0 | D:1      | kaeus the Minotaur Berserker began the quest for the Orb.
     0 | D:1      | Reached XP level 1. HP: 19/19 MP: 0/0
   357 | D:1      | Reached XP level 2. HP: 27/27 MP: 1/1
   814 | D:2      | Reached ** piety under Trog
   982 | D:2      | Reached XP level 3. HP: 33/33 MP: 2/2
  1104 | D:2      | Reached skill level 3 in Armour
  1666 | D:2      | Found an ornate altar of the Wu Jian Council.
  2002 | D:3      | Reached XP level 4. HP: 38/40 MP: 3/3
  2164 | D:3      | Noticed Purgy
  2182 | D:3      | Killed Purgy
  2183 | D:3      | Reached skill level 5 in Axes
  2183 | D:3      | Reached XP level 5. HP: 47/47 MP: 2/4
  2465 | D:4      | Noticed an ogre
  2470 | D:4      | Killed an ogre
  2471 | D:4      | Reached skill level 4 in Armour
  2471 | D:4      | Reached XP level 6. HP: 38/55 MP: 2/5
  2493 | D:4      | Noticed Blork the orc
  2502 | D:4      | Killed Blork the orc
  2503 | D:4      | Reached skill level 5 in Fighting
  2525 | D:4      | Reached *** piety under Trog
  2553 | D:4      | Reached XP level 7. HP: 15/61 MP: 2/6
  2897 | D:4      | Found a hazy altar of Hepliaklqana.
  3535 | D:5      | Entered Level 5 of the Dungeon
  3542 | D:5      | Reached skill level 5 in Armour
  3653 | D:5      | Found a staircase to the Ecumenical Temple.
  3667 | D:5      | Found Setaom's Book Boutique.
  3759 | D:5      | Found a glowing drain.
  3772 | Sewer    | Entered a sewer
  4595 | D:5      | Found Gozag's Platinum Reserve.
  4608 | D:5      | Found an opulent altar of Gozag.
  4638 | D:5      | Reached **** piety under Trog
  5018 | D:6      | Found Daicaemn's Magic Scroll Boutique.
  5090 | D:6      | Reached XP level 8. HP: 70/70 MP: 5/7
  5091 | D:6      | Got a polished shortbow
  5092 | D:6      | Identified the +11 shortbow "Xyocuuss" {flame, rF+ rN+
                  | Stlth+} (You found it on level 6 of the Dungeon)
  5151 | D:6      | Reached skill level 5 in Dodging
  5216 | D:6      | Reached skill level 1 in Shields
  5508 | D:6      | Noticed Grinder
  5509 | D:6      | Paralysed by Grinder for 5 turns
  5527 | D:6      | Killed Grinder
  5528 | D:6      | Reached skill level 6 in Armour
  6121 | D:7      | Reached skill level 1 in Bows
  6146 | D:7      | Reached skill level 1 in Stealth
  6288 | D:7      | Found a stormy altar of Qazlal.
  6377 | D:7      | Found a shadowy altar of Dithmenos.
  6378 | D:7      | Found a glowing golden altar of the Shining One.
  6458 | D:7      | Found an iron altar of Okawaru.
  6539 | D:7      | Reached XP level 9. HP: 78/78 MP: 8/8
  6640 | D:7      | Reached ***** piety under Trog
  6970 | D:8      | Reached skill level 7 in Armour
  7038 | D:8      | Found a staircase to the Lair.
  7039 | D:8      | Noticed a death yak
  7079 | D:7      | Killed a death yak
  7080 | D:7      | Reached skill level 5 in Bows
  7541 | D:8      | Noticed a boulder beetle
  7548 | D:8      | Killed a boulder beetle
  7549 | D:8      | Reached XP level 10. HP: 21/88 MP: 1/9
  7862 | D:8      | Found a runed translucent door.
  7862 | D:8      | Noticed hawla's ghost (novice DrCj)
  7946 | D:8      | Reached skill level 5 in Stealth
  8018 | D:8      | Found a bloodstained altar of Trog.
  8501 | D:9      | Noticed Harold
  8517 | D:9      | Killed Harold
  8518 | D:9      | Reached skill level 8 in Armour
  8819 | D:9      | Found a sacrificial altar of Ru.
  9195 | D:9      | Found a staircase to the Orcish Mines.
  9369 | D:9      | Found a shimmering altar of Xom.
  9649 | D:10     | Entered Level 10 of the Dungeon
  9727 | D:10     | Received a gift from Trog
  9736 | D:10     | Got a pitted triple sword {god gift}
  9737 | D:10     | Identified the +10 triple sword of the Crawling Thing
                  | {vorpal, rF- Str+3 Int+3} (Trog gifted it to you on level
                  | 10 of the Dungeon)
  9775 | D:10     | Noticed a two-headed ogre
  9781 | D:10     | Killed a two-headed ogre
  9782 | D:10     | Reached XP level 11. HP: 86/95 MP: 8/10
  9828 | D:10     | Noticed Grum
  9837 | D:10     | Killed Grum
  9926 | D:10     | Found Haymeovure's Jewellery Boutique.
  9941 | D:10     | Noticed Joseph
  9957 | D:10     | Killed Joseph
  9997 | D:10     | Found Beywucwe's Antique Weapon Shop.
 10031 | D:10     | Found Vesil's Antique Armour Emporium.
 10034 | D:10     | Bought a faintly humming cloak for 380 gold pieces
 10039 | D:10     | Identified the +2 cloak of Conscience {rF+ Int+4} (You
                  | bought it in a shop on level 10 of the Dungeon)
 10043 | D:10     | Found Guinab's Antique Armour Shop.
 10136 | D:10     | Noticed Nergalle
 10137 | D:10     | Noticed Fannar
 10148 | D:10     | Killed Nergalle
 10149 | D:10     | Reached skill level 9 in Armour
 10149 | D:10     | Killed Fannar
 10703 | Temple   | Entered the Ecumenical Temple
 11555 | D:11     | Identified Sif Muna's Catalogue of Fire and Changing
 11670 | D:12     | Noticed Psyche
 11677 | D:12     | Killed Psyche
 11734 | D:12     | Noticed a cyan ugly thing
 11742 | D:12     | Killed a cyan ugly thing
 11839 | D:12     | Noticed a two-headed ogre
 11840 | D:12     | Noticed Azrael
 11846 | D:12     | Killed a two-headed ogre
 11847 | D:12     | Reached XP level 12. HP: 70/106 MP: 6/11
 11854 | D:12     | Killed Azrael
 11863 | D:12     | Reached skill level 10 in Bows
 11890 | D:11     | Reached skill level 10 in Fighting
 12052 | D:12     | Found a flagged portal.
 12355 | D:12     | Reached skill level 10 in Armour
 12462 | D:12     | Received a gift from Trog
 12564 | D:12     | Noticed Frances
 12581 | D:12     | Killed Frances
 13063 | D:13     | Noticed a two-headed ogre
 13068 | D:13     | Killed a two-headed ogre
 13073 | D:13     | Reached skill level 1 in Evocations
 13073 | D:13     | Noticed a centaur warrior
 13079 | D:13     | Noticed a two-headed ogre
 13082 | D:13     | Killed a centaur warrior
 13090 | D:13     | Killed a two-headed ogre
 13101 | D:13     | Noticed a two-headed ogre
 13109 | D:13     | Killed a two-headed ogre
 13130 | D:13     | Reached XP level 13. HP: 48/115 MP: 7/12
 13596 | D:13     | Found a gate to the Vaults.
 13680 | D:13     | Reached skill level 10 in Dodging
 14186 | Lair:1   | Entered Level 1 of the Lair of Beasts
 14258 | Lair:1   | Reached skill level 10 in Stealth
 14447 | Lair:1   | Reached skill level 11 in Armour
 15044 | Lair:1   | Noticed Maggie
 15050 | Lair:1   | Killed Maggie
 15054 | Lair:1   | Noticed Urug
 15064 | Lair:1   | Killed Urug
 17247 | Lair:2   | Gained mutation: Scrolls take you a little longer to read.
                  | [potion of mutation]
 17247 | Lair:2   | Gained mutation: Your mind is acute. (Int +2) [potion of
                  | mutation]
 17699 | Lair:3   | Reached XP level 14. HP: 124/124 MP: 13/13
 18425 | Lair:3   | Lost mutation: Scrolls take you a little longer to read.
                  | [potion of mutation]
 18425 | Lair:3   | Lost mutation: Your mind is acute. (Int +2) [potion of
                  | mutation]
 18425 | Lair:3   | Gained mutation: You possess an exceptional clarity of
                  | mind. [potion of mutation]
 18425 | Lair:3   | Gained mutation: Your flesh is cold resistant. (rC+)
                  | [potion of mutation]
 18425 | Lair:3   | Gained mutation: You are strong-willed. (Will+) [potion of
                  | mutation]
 18489 | Lair:4   | Reached skill level 12 in Armour
 18787 | Lair:4   | Noticed Rupert
 18798 | Lair:4   | Killed Rupert
 18981 | Lair:4   | Found a dark tunnel.
 18985 | Lair:4   | Received a gift from Trog
 18996 | Volcano  | Entered a volcano
 19780 | Lair:4   | Found a hole to the Spider Nest.
 19930 | Lair:4   | Found a staircase to the Shoals.
 20455 | Lair:5   | Found a gate leading to a gauntlet.
 20464 | Gauntlet | Entered a Gauntlet
 20464 | Gauntlet | Found a transporter.
 20464 | Gauntlet | Found a transporter.
 20464 | Gauntlet | Found a transporter.
 20618 | Gauntlet | Found a transporter.
 20619 | Gauntlet | Found a transporter.
 20622 | Gauntlet | Found a transporter.
 20630 | Gauntlet | Found a transporter.
 20631 | Gauntlet | Found a transporter.
 20633 | Gauntlet | Found a transporter.
 20633 | Gauntlet | Found a transporter.
 20641 | Gauntlet | Found a transporter.
 20643 | Gauntlet | Found a transporter.
 21081 | Gauntlet | Got a heavily runed glass ring
 21288 | Lair:5   | Reached skill level 5 in Evocations
 21294 | Lair:5   | Reached skill level 13 in Armour
 21425 | Lair:5   | Found a staircase to the Slime Pits.
 22075 | Lair:6   | Entered Level 6 of the Lair of Beasts
 22080 | Lair:6   | Reached XP level 15. HP: 134/134 MP: 14/14
 22094 | Lair:6   | Received a gift from Trog
 23467 | Lair:6   | Reached skill level 14 in Armour
 23742 | Lair:6   | Identified the ring of Akawo {Ice rPois} (You found it in a
                  | Gauntlet)
 23770 | Lair:6   | Identified a scroll of acquirement
 23772 | Lair:6   | Acquired the amulet of Mixeom {Will+ Regen+ Dex+3}
 23970 | Orc:1    | Entered Level 1 of the Orcish Mines
 24070 | Orc:2    | Entered Level 2 of the Orcish Mines
 24182 | Orc:2    | Found a staircase to the Elven Halls.
 24342 | Orc:2    | Found Leadua's General Store.
 24342 | Orc:2    | Found Itsoeb's Gadget Emporium.
 24342 | Orc:2    | Found Lac Latau's Armour Shoppe.
 24342 | Orc:2    | Found Sedai's Armour Boutique.
 24359 | Orc:2    | Received a gift from Trog
 24459 | Orc:2    | Noticed Donald
 24469 | Orc:2    | Killed Donald
 24880 | Elf:1    | Entered Level 1 of the Elven Halls
 24902 | Elf:1    | Got a brightly glowing tin ring
 24984 | Elf:1    | Identified the ring of the Raven {rC+ Str+6 Int+3} (You
                  | found it on level 1 of the Elven Halls)
 25093 | Elf:1    | Noticed a deep elf sorcerer
 25095 | Elf:1    | Killed a deep elf sorcerer
 25096 | Elf:1    | Reached XP level 16. HP: 144/144 MP: 15/15
 25100 | Elf:1    | Identified the Catalogue of Conjuration
 25160 | Elf:1    | Found Sekehusi's Jewellery Shoppe.
 25160 | Elf:1    | Found Efro's Gadget Boutique.
 25161 | Elf:1    | Found Inil's Jewellery Shoppe.
 25218 | Elf:1    | Reached skill level 15 in Armour
 25421 | Elf:1    | Got a warped scale mail
 25422 | Elf:1    | Identified the +1 scale mail of Patience {Regen+ MP+9
                  | Slay-2} (You found it on level 1 of the Elven Halls)
 26307 | Elf:2    | Received a gift from Trog
 26437 | Elf:2    | Got a pair of dazzling gloves
 26438 | Elf:2    | Identified the +1 pair of gloves "Tepuurgh" {-Tele rF+
                  | rCorr Int+7} (You found it on level 2 of the Elven Halls)
 26695 | Elf:2    | Found Icwan's Jewellery Shop.
 26788 | Elf:2    | Bought the amulet "Nitaam" {Acrobat *Contam rElec rPois
                  | Dex+4} for 714 gold pieces
 26970 | Elf:2    | Reached skill level 16 in Armour
 26977 | Elf:2    | Found a runed translucent gate.
 26977 | Elf:2    | Found a runed translucent gate.
 26977 | Elf:2    | Found a runed translucent gate.
 27440 | Elf:2    | Noticed a deep elf blademaster
 27449 | Elf:2    | Killed a deep elf blademaster
 27487 | Elf:2    | Received a gift from Trog
 27803 | Elf:3    | Entered Level 3 of the Elven Halls
 27823 | Elf:3    | Found Wuxij's Magic Scroll Shoppe.
 27979 | Elf:3    | Noticed a Brimstone Fiend
 28005 | Elf:3    | Reached XP level 17. HP: 69/152 MP: 16/16
 28299 | Elf:3    | Noticed a deep elf master archer
 28309 | Elf:3    | Noticed a deep elf blademaster
 28324 | Elf:3    | Killed a deep elf blademaster
 28329 | Elf:3    | Killed a deep elf master archer
 28424 | Elf:3    | Noticed a deep elf blademaster
 28436 | Elf:3    | Killed a deep elf blademaster
 28449 | Elf:3    | Reached skill level 17 in Armour
 28505 | Elf:3    | Noticed a deep elf master archer
 28514 | Elf:3    | Killed a deep elf master archer
 28535 | Elf:3    | Noticed a deep elf master archer
 28540 | Elf:3    | Killed a deep elf master archer
 28564 | Elf:3    | Cast into level 3 of the Abyss (a deep elf sorcerer)
 28564 | Abyss:3  | Found a corrupted altar of Lugonu.
 28635 | Abyss:3  | Noticed a Hell Sentinel
 28674 | Abyss:3  | Found a shimmering altar of Xom.
 28700 | Abyss:3  | HP: 1/154 [hellion/damnation[a glowing orange brain] (31)]
 28705 | Abyss:3  | Demolished by a tentacled starspawn

Illustrated notes

Levels and vault maps discovered:
D:1:      minmay_arrival_stone_box, layout_loops_ring
D:2:      layout_basic, nicolae_overflow_hidden_temple
D:3:      layout_loops_cross, uniq_purgy
D:4:      layout_layer_cave, kennysheep_little_box, uniq_blork_the_orc
D:5:      layout_gridville, minmay_temple_entry_waves, serial_shops, shop,
          cheibrodos_sewer_entry_drain, nicolae_gozag_zags_fifth_avenue
D:6:      layout_basic, serial_shops, shop, uniq_grinder
D:7:      old_forge, layout_rooms, lemuel_crystal_altar, grunt_qazlal_clouds,
          minitemple
D:8:      layout_loops_ring, old_standard_altar, david_lair_generic,
          ebering_ghost_inner_flame, hangedman_minor_gate_pass
D:9:      layout_irregular_city, old_standard_altar, lemuel_doored_altar,
          erik_orc_3, minmay_strange_pillars, uniq_harold
D:10:     layout_roguey, serial_shops, shop, shop, shop_statue,
          nicolae_shop_behind_doors, uniq_fannar, uniq_joseph, uniq_nergalle,
          uniq_grum
D:11:     layout_rooms
D:12:     layout_roguey, enter_bailey_4, uniq_psyche, uniq_frances, uniq_azrael
D:13:     layout_cave_pools, hangedman_vaults_entry_quadrant_bands, special_room
          [special_room_bee], chequers_serial_rivers_small_a
Temple:   cyrus_circular_temple
Lair:1:   layout_chaotic_city, minmay_shattered_shrine, grunt_megastairs_2,
          serial_bayou_shore_b, serial_bayou_shore_b, uniq_urug, uniq_maggie
Lair:2:   layout_cave_pods, minivault_23
Lair:3:   layout_cave_pods
Lair:4:   layout_cave_shapes, elwin_shoals_entry_rooms, spider_nest_entry_webs,
          nicolae_volcano_entry_vermiform, st_stairs_5, uniq_rupert
Lair:5:   layout_regular_city, minmay_slime_entry_jelly_boxes,
          gauntlet_entry_generic, minivault_26
Lair:6:   wormcave, layout_regular_city, hangedman_lair_in_review
Orc:1:    layout_caves, uniq_maurice
Orc:2:    st_orc_ogre_mass, layout_diamond_mine, uniq_donald
Elf:1:    layout_geoelf_octagon, minmay_elf_annihilation,
          einodemon_armed_red_devil_minivault, minmay_shop_grove
Elf:2:    layout_geoelf_diagonals, serial_shops, nicolae_shop_trees
Elf:3:    minmay_elf_hall_circle, layout_onion_city, serial_shops, shop
Abyss:3:  base: Lair:1, hangedman_abyss_rune_macabre_mess,
          hangedman_abyss_stitches_cave, hangedman_classic_abyss_death,
          nicolae_abyss_rune_left_handed

Skill      XL: |  1  2  3  4  5  6  7  8  9 10 11 12 13 14 15 16 17 |
---------------+----------------------------------------------------+-----
Axes           | 4 5 6 7 8 |  8.7
Fighting       | 4 5 6 7 8 9 10 11 12 13 14 | 14.7
Armour         | 3 4 5 6 7 8 9 10 11 13 14 16 17 | 17.2
Dodging        | 3 4 5 7 8 9 10 11 12 13 | 13.6
Shields        | 2 |  2.2
Bows           | 3 6 7 9 11 12 13 14 | 14.0
Stealth        | 2 4 6 8 9 10 11 13 14 | 14.6
Evocations     | 1 3 5 |  5.0

Action                   |  1- 3 |  4- 6 |  7- 9 | 10-12 | 13-15 | 16-18 || total
-------------------------+-------+-------+-------+-------+-------+-------++-------
Melee: Hand axe          |   108 |    76 |   194 |       |       |       ||   378
       Headbutt          |     9 |    16 |    30 |     2 |     2 |       ||    59
       Triple sword      |       |       |       |     4 |       |       ||     4
       Shortbow          |       |       |       |       |     5 |       ||     5
 Fire: Shortbow          |       |       |   128 |   575 |  1171 |   482 ||  2356
Invok: Trog's Hand       |       |     2 |     1 |     1 |     4 |     2 ||    10
       Berserk           |       |     2 |       |       |       |       ||     2
       Brothers in Arms  |       |       |     1 |     5 |     9 |    10 ||    25
Evoke: Wand              |       |       |       |       |       |     1 ||     1
  Use: Scroll            |       |       |    16 |     5 |    24 |     2 ||    47
       Potion            |       |       |       |       |     7 |    11 ||    18
Armor: Ring mail         |     1 |       |       |       |       |       ||     1
       Chain mail        |    54 |    42 |       |       |       |       ||    96
       Plate armour      |       |    37 |   146 |   104 |   326 |    45 ||   658
Dodge: Dodged            |    47 |    34 |    98 |   101 |   246 |    61 ||   587
Block: Buckler           |       |       |    10 |       |       |       ||    10
       Rpst.: Triple sword |       |       |       |     2 |       |       ||     2
